 Dungeon Crawl Stone Soup version 0.28.0-53-g5a82cb258f (webtiles) character file.

Game seed: 5293513474170562679

39 Atelerd the Digger (level 3, -7/21 HPs)
             Began as an Octopode Earth Elementalist on July 12, 2022.
             Mangled by an orc
             ... wielding a +2 war axe of electrocution
              (17 damage)
             ... on level 3 of the Dungeon.
             The game lasted 00:01:43 (2376 turns).

Atelerd the Digger (Octopode Earth Elementalist)    Turns: 2376, Time: 00:01:43

Health: -7/21      AC:  1    Str:  7    XL:     3   Next: 45%
Magic:  7/7        EV: 13    Int: 19    God:
Gold:   63         SH:  0    Dex: 12    Spells: 6/7 levels left

rFire   . . .      SeeInvis .   g - +0 dagger
rCold   . . .      Faith    .   (no shield)
rNeg    . . .      Spirit   .   (helmet restricted)
rPois   .          Reflect  .   (no amulet)
rElec   .          Harm     .   (no ring)
rCorr   .          Rampage  .   (no ring)
Will    .....                   (no ring)
Stlth   +++.......              (no ring)
HPRegen 0.07/turn               (no ring)
MPRegen 0.10/turn               (no ring)
                                (no ring)
                                (no ring)

@: no status effects
A: almost no armour, amphibious, 8 rings, camouflage 1, gelatinous body 1,
(nimble swimmer 1), tentacles
a: no special abilities


You were on level 3 of the Dungeon.
You visited 1 branch of the dungeon, and saw 3 of its levels.

You collected 63 gold pieces.

Inventory:

Hand Weapons
 g - a +0 dagger (weapon)
Jewellery
 l - an amulet of guardian spirit
Scrolls
 b - a scroll of teleportation {unknown}
 c - a scroll of immolation {unknown}
 d - a scroll of silence {unknown}
 f - 2 scrolls of identify {unknown}
 h - a scroll of vulnerability {unknown}
 i - a scroll of blinking {unknown}
 k - a scroll of brand weapon {unknown}
Potions
 a - 2 potions of mutation {unknown}
 e - a potion of brilliance {unknown}
 j - a potion of haste {unknown}


   Skills:
 - Level 2.0 Dodging
 - Level 2.6 Stealth
 + Level 0.1 Unarmed Combat
 + Level 2.7 Spellcasting
 + Level 1.0 Transmutations
 + Level 3.8 Earth Magic


You had 6 spell levels left.
You knew the following spells:

 Your Spells              Type           Power      Damage    Failure   Level
a - Sandblast             Erth           34%        2d9       3%          1

Your spell library contained the following spells:

 Spells                   Type           Power      Damage    Failure   Level
 Passwall                 Tmut/Erth      9%         N/A       9%          2
 Shock                    Conj/Air       8%         1d3       16%         1
 Stone Arrow              Conj/Erth      18%        3d8       22%         3
 Ignite Poison            Fire/Tmut/Pois 3%         N/A       38%         3
 Swiftness                Air            2%         N/A       43%         3
 Petrify                  Tmut/Erth      11%        N/A       50%         4
 Airstrike                Air            1%         N/A       83%         4
 Dispel Undead            Necr           2%         3d7       83%         4
 Blade Hands              Tmut           3%         N/A       96%         5
 Haunt                    Necr/Summ      1%         N/A       100%        7


Dungeon Overview and Level Annotations

Branches:
Dungeon (3/15)

Altars:

Annotations:
D:2 exclusion: downstairs


Innate Abilities, Weirdness & Mutations

You cannot wear most types of armour.
You are amphibious.
You can wear up to eight rings at the same time.
Your skin changes colour to match your surroundings (Stealth+).
Your rubbery body absorbs attacks. (AC +1, EV +1)
((You are camouflaged when in or above water. (Stealth+)))
You have tentacles for arms and can constrict up to eight enemies at once.


Message History

The bat is moderately wounded.
You constrict the bat.
You kill the bat!
HP restored.
b - a scroll labelled LETESI ISIDULU You can't see any susceptible monsters within range! (Use Z to cast anyway.) No target in view!
You can't see any susceptible monsters within range! (Use Z to cast anyway.) No target in view!
No target in view!
You can't see any susceptible monsters within range! (Use Z to cast anyway.) No target in view!
An orc comes into view.
It is wielding a +2 war axe of electrocution.
You can't see any susceptible monsters within range! (Use Z to cast anyway.)
An orc is nearby!
You can't see any susceptible monsters within range! (Use Z to cast anyway.)
An orc is nearby!
You can't see any susceptible monsters within range! (Use Z to cast anyway.)
An orc is nearby!
The orc shouts!
You don't have any stones to cast with.
An orc is nearby!
The orc closely misses you.
You don't have any stones to cast with.
You don't have any stones to cast with.
An orc is nearby!
You hit the orc but do no damage. You grab the orc.
You constrict the orc, but do no damage.
The orc hits you with a +2 war axe of electrocution.
You don't have any stones to cast with.
You don't have any stones to cast with.
An orc is nearby!
You don't have any stones to cast with.
An orc is nearby!
You hit the orc but do no damage. You squeeze the orc, but do no damage.
You constrict the orc, but do no damage.
The orc hits you with a +2 war axe of electrocution!
You are electrocuted!
Ouch! That really hurt!
You die...

#
#...#.#......
#.#.....#.#
#.#...#.#....#
#.......####.#
###......# ..#
#..###.##.####
#..###........
#....#..#####.
#.##.#@.#
#.##<#o.#
######..# ...#
####


You could see an orc.

Vanquished Creatures
  A worm (D:2)
  4 ball pythons
  2 endoplasms (D:1)
  2 giant cockroaches
  3 goblins
  2 hobgoblins (D:1)
  3 jackals (D:1)
  2 kobolds (D:1)
  2 quokkas (D:1)
  4 bats
  3 frilled lizards
  5 rats
33 creatures vanquished.

Notes
Turn   | Place    | Note
-------+----------+-------------------------------------------
     0 | D:1      | Atelerd the Octopode Earth Elementalist began the quest for
                  | the Orb.
     0 | D:1      | Reached XP level 1. HP: 11/11 MP: 3/3
   184 | D:1      | Reached XP level 2. HP: 17/17 MP: 1/5
   527 | D:1      | Found a faded altar of an unknown god.
   545 | D:1      | Got Kugozoda's Compendium of Sinister Transmutation
   704 | D:1      | Reached XP level 3. HP: 7/21 MP: 4/6
  2376 | D:3      | Mangled by an orc

Illustrated notes

Levels and vault maps discovered:
D:1:      sevenhm_arrival_forest_fort_large_4, layout_basic,
          basic_ecumenical_altar
D:2:      layout_basic, serial_glass, glass_columns_b, glass_columns_b,
          minmay_misc_feat_square, corner_web_ring
D:3:      layout_loops_cross, serial_co_window_serial, co_window_paths_b,
          co_window_of_opportunity_a, co_window_corner_a,
          co_window_of_opportunity_a, co_window_cross_1, co_window_cross_2,
          co_window_corner_b, co_window_corner_ca, co_window_paths_d

Action                   || total
-------------------------++-------
Melee: Unarmed           ||     9
       Constrict         ||    18
       Tentacles         ||     9
       Punch             ||     1
       Dagger            ||    31
 Cast: Sandblast         ||    30
 Stab: Sleeping          ||     4
Armor: Skin              ||     5
Dodge: Dodged            ||    36
